 Dungeon Crawl Stone Soup version 0.21-a0-142-gdd972a7 (webtiles) character file.

35 sagitran the Skirmisher (level 3, 0/29 HPs)
             Began as a Demonspawn Abyssal Knight on July 23, 2017.
             Was a Follower of Lugonu.
             Slain by Natasha (2 damage)
             ... on level 2 of the Dungeon.
             The game lasted 00:06:14 (1144 turns).

sagitran the Skirmisher (Demonspawn Abyssal Knight) Turns: 1144, Time: 00:06:15

Health: 0/29       AC: 12    Str: 13    XL:     3   Next: 17%
Magic:  5/5        EV:  3    Int: 13    God:    Lugonu [*.....]
Gold:   96         SH:  6    Dex: 12    Spells: 2/2 levels left

rFire    + . .     SeeInvis .   a - +1 hand axe
rCold    + . .     Gourm    .   h - +0 shield
rNeg     . . .     Faith    .   j - +0 chain mail
rPois    +         Spirit   .   (helmet restricted)
rElec    +         Reflect  .   (no cloak)
rCorr    +         Harm     .   f - +0 pair of gloves
MR       .....                  k - +0 pair of boots
Stlth    ..........             (no amulet)
HPRegen  0.09/turn              (no ring)
MPRegen  0.09/turn              (no ring)

@: resistant, slowed, very slow
A: antennae 1, rugged brown scales 1
a: Depart the Abyss, Renounce Religion


You were on level 2 of the Dungeon.
You worshipped Lugonu.
Lugonu was aware of your devotion.
You were not hungry.

You visited 1 branch of the dungeon, and saw 3 of its levels.
You visited the Abyss 1 time.

You collected 96 gold pieces.

Inventory:

Hand Weapons
 a - a +1 hand axe (weapon)
Armour
 b - a +0 leather armour
 f - a +0 pair of gloves (worn)
 h - a +0 shield (worn)
 j - a +0 chain mail (worn)
 k - a +0 pair of boots (worn)
Scrolls
 e - 2 scrolls of identify {unknown}
 g - a scroll of remove curse {unknown}
 i - a scroll of recharging {unknown}
Comestibles
 c - a bread ration
 d - a royal jelly


   Skills:
 + Level 3.4 Fighting
 + Level 2.1 Axes
 + Level 2.2 Armour
 + Level 1.2 Dodging
 + Level 2.7 Invocations


You had 2 spell levels left.
You didn't know any spells.

Dungeon Overview and Level Annotations

Branches:
Dungeon (3/15)

Altars:
The Shining One

Annotations:
D:2 Natasha


Innate Abilities, Weirdness & Mutations

You have a pair of small antennae on your head.
You are partially covered in rugged brown scales. (AC +1, +3% HP)


Message History

The frilled lizard struggles against the net.
Natasha claws you.
The frilled lizard struggles against the net.
The net rips apart, and the frilled lizard comes free!
You miss Natasha.
Natasha is heavily wounded.
Natasha claws you!
* * * LOW HITPOINT WARNING * * *
Natasha casts a spell.
It was a potion of resistance.
You feel protected. Natasha claws you but does no damage.
You block Natasha's attack.
You closely miss Natasha.
Natasha is heavily wounded.
Natasha claws you but does no damage. Natasha claws you.
* * * LOW HITPOINT WARNING * * *
You hit Natasha but do no damage.
Natasha is moderately wounded.
Natasha barely misses you. Natasha claws you.
You die...

..#..## ... ..... ...#
##. #.. ...> .. #. #.
..l #.# #.###. #h> ..##
#..... #l.# ... ###..##
#.(.########.####
.......
#(..5lh@.......######.#.
#.########.###....##..##
# ##.# #.....## #..#
###.#.## ##.## #...#...
#..# ##.#####.
#.#######>.# #.
#.###.....## #.
#.#...##### #.


You could see Natasha, a white imp and a frilled lizard.

Vanquished Creatures
  An ooze (D:2)
  A worm (D:2)
  A dart slug (D:1)
  2 leopard geckos
  2 bats (D:1)
  2 goblins (D:2)
  2 hobgoblins (D:1)
  2 jackals (D:1)
  9 frilled lizards (D:1)
  2 kobolds (D:1)
  3 rats (D:1)
  A plant (D:1)
28 creatures vanquished.

Notes
Turn   | Place    | Note
-------+----------+-------------------------------------------
     0 | Abyss:1  | sagitran the Demonspawn Abyssal Knight began the quest for the Orb.
     0 | Abyss:1  | Reached XP level 1. HP: 18/18 MP: 2/2
     3 | D:1      | Escaped the Abyss
   324 | D:1      | Gained mutation: You are partially covered in rugged brown scales. (AC +1, +3% HP) [demonic ancestry]
   324 | D:1      | Reached XP level 2. HP: 13/24 MP: 3/3
   566 | D:1      | Reached skill level 1 in Dodging
   923 | D:1      | Reached * piety under Lugonu
   958 | D:1      | Gained mutation: You have a pair of small antennae on your head. [demonic ancestry]
   958 | D:1      | Reached XP level 3. HP: 24/29 MP: 5/5
  1044 | D:2      | Found a glowing golden altar of the Shining One.
  1123 | D:2      | Noticed Natasha
  1144 | D:2      | Slain by Natasha

Vault maps used:
D:1:      ncdulo_halloftheorcs, minmay_stone_trees_small, minmay_lizard_king
D:2:      lemuel_round_altar, dancing_weapons_uskayaw,
          kennysheep_generic_room_5, uniq_natasha, uniq_jessica
D:3:      overflow_temple_1_default, first_bread, minmay_unequal
Abyss:1:  bh_abyss_exit_choice

Skill      XL: |  1  2 |
---------------+-------+-----
Armour         | 2 |  2.2
Dodging        | 1 |  1.2
Axes           | 2 |  2.1
Fighting       | |  3.4
Invocations    | |  2.7

Action                   || total
-------------------------++-------
Melee: Hand axe          ||   117
Throw: Throwing net      ||     2
Invok: Depart the Abyss  ||     1
  Use: Potion            ||     1
  Eat: Bread ration      ||     1
Armor: Leather armour    ||    12
       Chain mail        ||    54
Dodge: Dodged            ||    24
Block: Shield            ||    35
